 Dungeon Sprint DCSS version 0.22-a0-373-gab1296c (webtiles) character file.

755 emperorscorpion the Zephyrmancer (level 7, -9/40 HPs)
             Began as a Deep Elf Air Elementalist on Apr 25, 2018.
             Was an Elder of Sif Muna.
             Shot with an arrow by a centaur warrior (20 damage)
             ... in the Dungeon (Sprint IX: "|||||||||||||||||||||||||||||").
             The game lasted 00:02:27 (443 turns).

emperorscorpion the Zephyrmancer (DEAE)              Turns: 443, Time: 00:02:29

Health: -9/40      AC:  4    Str: 11    XL:     7   Next: 49%
Magic:  6/22       EV: 16    Int: 22    God:    Sif Muna [****..]
Gold:   0          SH:  0    Dex: 15    Spells: 14/26 levels left

rFire    . . .     SeeInvis .   b - staff of energy
rCold    . . .     Gourm    .   (no shield)
rNeg     . . .     Faith    .   n - +0 robe
rPois    .         Spirit   .   (no helmet)
rElec    .         Reflect  .   p - +0 cloak
rCorr    .         Harm     .   s - +0 pair of gloves
MR       .....     NoTele   +   (no boots)
Stlth    +++.......             (no amulet)
HPRegen  0.13/turn              q - +3 ring of strength
MPRegen  0.18/turn              r - +3 ring of strength

@: no status effects
A: no striking features
a: Divine Energy, Channel Magic, Forget Spell, Renounce Religion


You were in the Dungeon.
You worshipped Sif Muna.
Sif Muna was greatly pleased with you.
You were not hungry.

You visited 1 branch

Inventory:

Hand Weapons
 a - a +4 quarterstaff of draining
 o - a +2 rapier of venom
Armour
 n - a +0 robe (worn)
 p - a +0 cloak (worn)
 s - a +0 pair of gloves (worn)
Magical Staves
 b - an uncursed staff of energy (weapon)
Jewellery
 q - a +3 ring of strength (left hand)
 r - a +3 ring of strength (right hand)
Wands
 l - a wand of iceblast (8)
Scrolls
 i - 2 scrolls of blinking
 j - 2 scrolls of amnesia
 k - 3 scrolls of remove curse
Potions
 d - 5 potions of curing
 e - 2 potions of heal wounds
 f - a potion of haste
 g - 3 potions of magic
 h - a potion of invisibility
Comestibles
 c - a ration
 m - 5 chunks of flesh


   Skills:
 + Level 2.5 Fighting
 + Level 4.1 Staves
 + Level 6.9 Dodging
 + Level 6.2 Stealth
 + Level 10.4 Spellcasting
 + Level 6.0 Conjurations
 + Level 10.4 Air Magic
 + Level 2.2 Evocations


You had 14 spell levels left.
You knew the following spells:

 Your Spells              Type           Power        Failure   Level  Hunger
a - Shock                 Conj/Air       ####         1%          1    None
b - Swiftness             Chrm/Air       ####....     1%          2    None
c - Airstrike             Air            ######....   1%          4    None
d - Lightning Bolt        Conj/Air       #####.....   5%          5    None


Dungeon Overview and Level Annotations

Branches:
Dungeon (1/1)

Altars:
Cheibriados
Dithmenos
Elyvilon
Fedhas
Gozag
Hepliaklqana
Kikubaaqudgha
Makhleb
Nemelex Xobeh
Okawaru
Qazlal
Ru
Sif Muna
Trog
Uskayaw
Vehumet
Wu Jian
Xom
Yredelemnul
Zin
The Shining One
Beogh
Jiyva
Lugonu


Message History

* * * LOW HITPOINT WARNING * * *
Casting: Lightning Bolt (safe; 7% risk of failure)
Confirm with . or Enter, or press ? or * to list all spells.
Aiming: Lightning Bolt (safe; 7% risk of failure)
Press: ? - help, Shift-Dir - straight line, f/p - centaur warrior
Aim: a centaur warrior, wielding a longbow (severely wounded)
You hear a mighty clap of thunder!
The bolt of lightning hits the centaur warrior.
The centaur warrior is almost dead.
The bolt of lightning hits the slime creature.
You kill the slime creature!
Sif Muna accepts your kill.
You can now freely open your mind to new spells.
Your Staves skill increases to level 4!
Your Spellcasting skill increases to level 10!
Your Conjurations skill increases to level 6!
Your Evocations skill increases to level 2!
The centaur warrior shoots an arrow.
The arrow hits you!!
Ouch! That really hurt!
You die... ▓▓▓▓▓▓▓▓▓▓▓▓▓▓▓▓▓▓▓▓▓▓▓▓ '...)..[..)...÷.@†c...). ▓▓▓▓▓▓▓▓▓▓▓▓▓▓▓▓▓▓▓▓▓▓▓▓

You could see a centaur warrior.

Vanquished Creatures
  A slime creature (D)
  A water moccasin (D)
  A sky beast (D)
  2 ogres (D)
  A crocodile (D)
  A crimson imp (D)
  A howler monkey (D)
  A hound (D)
  A worker ant (D)
  A shadow imp (D)
  2 leopard geckos (D)
  An orc (D)
  A bat skeleton (D)
  A bat zombie (D)
  A goblin (D)
  A hobgoblin (D)
  A jackal (D)
  A ball python (D)
  A rat (D)
21 creatures vanquished.

Notes
Turn   | Place    | Note
-------+----------+-------------------------------------------
     0 | D        | emperorscorpion the Deep Elf Air Elementalist began the quest for the Orb.
     0 | D        | Reached XP level 1. HP: 10/10 MP: 6/6
    54 | D        | Noticed a hound
    54 | D        | Noticed a worker ant
    54 | D        | Noticed a crimson imp
    59 | D        | Reached XP level 2. HP: 13/15 MP: 3/8
    62 | D        | Reached skill level 5 in Air Magic
    62 | D        | Reached XP level 3. HP: 13/19 MP: 0/10
    66 | D        | Reached skill level 5 in Spellcasting
    75 | D        | Found a roughly hewn altar of Beogh.
    75 | D        | Found a snail-covered altar of Cheibriados.
    75 | D        | Found a shadowy altar of Dithmenos.
    75 | D        | Found a white marble altar of Elyvilon.
    75 | D        | Found a blossoming altar of Fedhas.
    75 | D        | Found an opulent altar of Gozag.
    76 | D        | Found a hazy altar of Hepliaklqana.
    77 | D        | Found a viscous altar of Jiyva.
    79 | D        | Found an ancient bone altar of Kikubaaqudgha.
    80 | D        | Found a corrupted altar of Lugonu.
    81 | D        | Found a burning altar of Makhleb.
    82 | D        | Found a sparkling altar of Nemelex Xobeh.
    83 | D        | Found an iron altar of Okawaru.
    85 | D        | Found a stormy altar of Qazlal.
    86 | D        | Found a sacrificial altar of Ru.
    89 | D        | Found a deep blue altar of Sif Muna.
    98 | D        | Found a bloodstained altar of Trog.
    99 | D        | Found a hide-covered altar of Uskayaw.
   100 | D        | Found a radiant altar of Vehumet.
   101 | D        | Found an ornate altar of the Wu Jian Council.
   102 | D        | Found a shimmering altar of Xom.
   103 | D        | Found a basalt altar of Yredelemnul.
   104 | D        | Found a glowing silver altar of Zin.
   105 | D        | Became a worshipper of Sif Muna the Loreminder
   106 | D        | Found a glowing golden altar of the Shining One.
   150 | D        | Reached skill level 1 in Staves
   150 | D        | Reached XP level 4. HP: 6/24 MP: 11/13
   371 | D        | Learned a level 2 spell: Swiftness
   376 | D        | Learned a level 4 spell: Airstrike
   376 | D        | Noticed an ogre
   376 | D        | Noticed a water moccasin
   376 | D        | Noticed an ogre
   380 | D        | Killed an ogre
   380 | D        | Reached * piety under Sif Muna
   380 | D        | Reached skill level 1 in Fighting
   380 | D        | Reached skill level 5 in Dodging
   380 | D        | Reached XP level 5. HP: 29/29 MP: 11/16
   380 | D        | Reached skill level 5 in Stealth
   383 | D        | Killed a water moccasin
   383 | D        | Reached ** piety under Sif Muna
   383 | D        | Reached XP level 6. HP: 29/35 MP: 5/19
   384 | D        | Reached skill level 5 in Conjurations
   421 | D        | Learned a level 5 spell: Lightning Bolt
   433 | D        | Noticed a sky beast
   433 | D        | Noticed a centaur warrior
   433 | D        | Noticed a slime creature
   435 | D        | Reached *** piety under Sif Muna
   437 | D        | Killed a sky beast
   437 | D        | Reached skill level 1 in Evocations
   441 | D        | Reached skill level 10 in Air Magic
   441 | D        | Reached XP level 7. HP: 40/40 MP: 16/22
   443 | D        | Killed a slime creature
   443 | D        | Reached **** piety under Sif Muna
   443 | D        | Reached skill level 10 in Spellcasting
   443 | D        | Shot with an arrow by a centaur warrior

Vault maps used:
D:        linesprint

Skill      XL: |  1  2  3  4  5  6  7 |
---------------+----------------------+-----
Dodging        | 3 4 5 6 |  6.9
Air Magic      | 4 5 6 7 9 10 | 10.4
Stealth        | 3 4 5 6 |  6.2
Spellcasting   | 4 5 6 8 9 10 | 10.4
Conjurations   | 2 3 4 5 6 |  6.0
Staves         | 1 2 3 4 |  4.1
Fighting       | 1 2 |  2.5
Evocations     | 1 2 |  2.2

Action                   |  1- 3 |  4- 6 |  7- 9 || total
-------------------------+-------+-------+-------++-------
Melee: Unarmed           |    16 |       |       ||    16
       Quarterstaff      |    10 |       |       ||    10
 Cast: Shock             |    12 |     5 |       ||    17
       Airstrike         |       |     4 |       ||     4
       Lightning Bolt    |       |     2 |     3 ||     5
Evoke: Wand              |       |     2 |       ||     2
       Staff of energy   |       |     6 |       ||     6
  Use: Potion            |     1 |     2 |       ||     3
Armor: Robe              |     2 |     1 |       ||     3
Dodge: Dodged            |    35 |     6 |       ||    41

Table legend:
 A = Spawn XP
 B = Non-spawn XP
 C = Spawn XP percentage of total XP
 D = Spawn monster count
 E = Non-spawn monster count
 F = Spawn count percentage of total count
 G = Total turns spent on level
                    A         B        C        D         E        F      G
               +---------+---------+-------+---------+---------+-------+---------
         Total |       0 |    1079 |   0.0 |       0 |      21 |   0.0 |   443
               +---------+---------+-------+---------+---------+-------+---------
             D |       0 |    1079 |   0.0 |       0 |      21 |   0.0 |   443
               +---------+---------+-------+---------+---------+-------+---------
